 Dungeon Crawl Stone Soup version 0.26-a0-450-ge645bd13c1 (webtiles) character file.

Game seed: 3138804682427379210

261 MrRokkomies the Skirmisher (level 5, 0/46 HPs)
             Began as a Palentonga Delver on July 27, 2020.
             Slain by an orc priest
             ... wielding a +1 war axe of flaming
              (12 damage)
             ... on level 3 of the Dungeon.
             The game lasted 00:04:53 (3407 turns).

MrRokkomies the Skirmisher (Palentonga Delver)      Turns: 3407, Time: 00:04:54

Health: 0/46       AC:  5    Str: 15    XL:     5   Next: 96%
Magic:  5/5        EV: 10    Int: 12    God:
Gold:   173        SH:  0    Dex: 11    Spells: 4/4 levels left

rFire    . . .     SeeInvis +   o - -2 morningstar (curse)
rCold    . . .     Faith    .   (no shield)
rNeg     . . .     Spirit   .   b - +1 leather armour
rPois    .         Reflect  .   (no helmet)
rElec    .         Harm     .   (no cloak)
rCorr    .                      (no gloves)
MR       .....                  (boots restricted)
Stlth    ++........             (no amulet)
HPRegen  0.15/turn              (no ring)
MPRegen  0.09/turn              (no ring)

@: no status effects
A: large, rugged brown scales 3, see invisible, deformed body, roll, armoured
tail
a: Rolling Charge


You were on level 3 of the Dungeon.
You visited 1 branch of the dungeon, and saw 5 of its levels.

You collected 173 gold pieces.

Inventory:

Hand Weapons
 a - a +0 mace
 o - a cursed -2 morningstar (weapon)
Missiles
 m - 13 boomerangs (quivered)
Armour
 b - a +1 leather armour (worn)
Wands
 g - a wand of digging (3)
 n - a wand of disintegration (19)
Scrolls
 c - a scroll of fog
 d - a scroll of magic mapping
 i - a scroll of enchant armour
 k - a scroll of teleportation
Potions
 e - 2 potions of flight
 f - a potion of haste
 h - a potion of mutation
 j - 2 potions of invisibility
 l - a potion of curing {unknown}
 p - a potion of heal wounds {unknown}


   Skills:
 * Level 4.8 Fighting
 * Level 4.2 Maces & Flails
 + Level 2.6 Dodging
 - Level 3.3 Stealth


You had 4 spell levels left.
You didn't know any spells.
Your spell library was empty.

Dungeon Overview and Level Annotations

Branches:
Dungeon (5/15)
 Temple: D:4-7

Altars:
The Shining One


Innate Abilities, Weirdness & Mutations

You are completely covered in rugged brown scales. (AC +3, +7% HP)
You have supernaturally acute eyesight. (SInv)
Armour fits poorly on your strangely shaped body.
You can roll at foes to attack.
You have a long armoured tail.


Message History

The orc priest hits you with a +1 war axe of flaming!
The orc priest burns you.
You see here a stone.
The orc hits you with a +0 dagger. The orc misses you.
Roll where?
Press: ? - help, Dir - move target cursor, f - orc priest
Aim: an orc priest, wielding a +1 war axe of flaming and wearing a +0 chain mail (lightly wounded)
You roll forward with a clatter of scales!
You hit the orc priest.
Your tail-slap misses the orc priest.
The orc priest is heavily wounded.
You hear a shout!
The orc priest hits you with a +1 war axe of flaming!
* * * LOW HITPOINT WARNING * * *
The orc priest burns you.
* * * LOW HITPOINT WARNING * * *
You hit the orc priest but do no damage.
Your tail-slap misses the orc priest.
The orc priest is heavily wounded.
The orc priest hits you with a +1 war axe of flaming!
You die...

###.?.........
#......##.....
##....<........
................
.##.............
#. #............
#. ##.###.o.##..
#.###.###o..# .
#.#....o@...#
#.....().?..#
##..........#
#..(.......#
#.....(.####
##.#รท#### #.#.#
#...# ##..#


You could see an orc priest and 2 orcs.

Vanquished Creatures
  A bullfrog zombie (D:3)
  3 orc priests (D:2)
  An iguana (D:3)
  4 adders
  An ooze (D:2)
  2 worms
  3 dart slugs
  A leopard gecko (D:2)
  4 orcs
  6 bats
  4 giant cockroaches
  7 goblins
  9 hobgoblins
  8 kobolds
  2 quokkas (D:2)
  5 frilled lizards
  5 rats
66 creatures vanquished.

Notes
Turn   | Place    | Note
-------+----------+-------------------------------------------
     0 | D:5      | MrRokkomies the Palentonga Delver began the quest for the
                  | Orb.
     0 | D:5      | Reached XP level 1. HP: 19/19 MP: 1/1
    38 | D:5      | Found Coly's Jewellery Shoppe.
    77 | D:4      | Noticed an orc priest
    79 | D:4      | Noticed an orc priest
    85 | D:4      | Noticed an orc priest
   303 | D:1      | Reached XP level 2. HP: 22/25 MP: 2/2
  1038 | D:1      | Reached XP level 3. HP: 31/31 MP: 3/3
  1483 | D:2      | Reached XP level 4. HP: 39/39 MP: 4/4
  2479 | D:2      | Reached XP level 5. HP: 31/46 MP: 5/5
  2610 | D:3      | Found a glowing golden altar of the Shining One.
  3407 | D:3      | Slain by an orc priest

Illustrated notes

Levels and vault maps discovered:
D:1:      dpeg_chamrin_arrival_tetris, layout_basic
D:2:      minmay_general_purpose_star, layout_basic
D:3:      layout_basic, chequers_ecumenical_altar_twisty, st_stairs_3,
          tso_metal_star
D:4:      layout_gridville, minmay_misc_feat_rugged
D:5:      layout_basic, serial_shops, shop, uniq_blork_the_orc

Skill      XL: |  1  2  3  4  5 |
---------------+----------------+-----
Dodging        | 2 |  2.6
Maces & Flails | 3 4 |  4.2
Fighting       | 4 |  4.8
Stealth        | |  3.3

Action                   |  1- 3 |  4- 6 || total
-------------------------+-------+-------++-------
Melee: Mace              |   106 |       ||   106
       Tailslap          |     9 |    13 ||    22
       Morningstar       |       |   103 ||   103
Throw: Boomerang         |       |     5 ||     5
 Abil: Rolling Charge    |       |     2 ||     2
Evoke: Wand              |       |     1 ||     1
  Use: Scroll            |     1 |     6 ||     7
 Stab: Sleeping          |     3 |       ||     3
       Distracted        |     1 |       ||     1
Armor: Leather armour    |    36 |    43 ||    79
Dodge: Dodged            |    73 |    77 ||   150

Table legend: (Time is in decaauts)
 A = Elapsed time spent in this place.
 B = Non-inter-level travel time spent in this place.
 C = Inter-level travel time spent in this place.
 D = Time resting spent in this place.
 E = Time spent auto-exploring this place.
 F = Levels seen in this place.
 G = Mean time per level.
                   A        B        C        D        E       F      G
               +--------+--------+--------+--------+--------+-----+--------+
         Total |   3469 |   3409 |     60 |   1312 |   1427 |   5 |  693.8 |
       Dungeon |   3469 |   3409 |     60 |   1312 |   1427 |   5 |  693.8 |
               +--------+--------+--------+--------+--------+-----+--------+

Top non-repeatable levels by time:
     D:2: 1624 daAuts
     D:1: 932 daAuts
     D:3: 827 daAuts
     D:5: 71 daAuts
     D:4: 14 daAuts
